AoeStats
← Red Calypso

Lombardia

508755307Analyzed
4v4 RM · 8d ago on Sep 23, 2026· 63m 25s· 8 players
Game mode
Random Map
Map size
Large (8 player)
Population
200
Speed
Normal
Resources
Standard
Victory
Conquest
Starting age
Dark Age
Ending age
Imperial Age
RankedLock teamsTeams togetherTeam positionsShared explorationLock speedFull tech treeHidden civsTurbo modeCheats
Victory
Defeat
🇺🇸 Varangians · United States
1476
+14
🇺🇸 Chinese · United States
1455
+15
🇺🇸 Japanese · United States
1439
+15
🇵🇱 Spanish · Poland
1427
+16
🇩🇪 Magyars · Germany
1508
-18
🇩🇪 Cumans · Germany
1423
-15
🇩🇪 Byzantines · Germany
1420
-15
🇦🇹 Varangians · Austria
1345
-12
Red Calypso
10:57 Feudal Age
9:14 Loom
11:00 Feudal Age
12:02 Double-Bit Axe
17:03 Castle Age
20:17 Scale Barding Armor
24:07 Bloodlines
24:35 Husbandry
26:14 Chain Barding Armor
28:24 Forging
31:12 Iron Casting
31:49 Wheelbarrow
32:54 Hand Cart
33:01 Gold Mining
33:02 Stone Mining
36:59 Imperial Age
38:23 Plate Barding Armor
38:48 Blast Furnace
38:11 Conscription
37:17 Elite Jarl
37:41 Light Cavalry
40:02 Hussar
42:17 Blast Furnace
43:47 Bow Saw
45:03 Fletching
46:51 Two-Man Saw
45:40 Horse Collar
46:49 Fortified Wall
46:50 Masonry
47:54 Heavy Plow
48:01 Bodkin Arrow
48:26 Caravan
49:31 Guilds
50:19 Bracer
51:23 Cavalier
53:47 Crop Rotation
53:49 Padded Archer Armor
54:29 Architecture
56:09 Chemistry
56:09 Town Watch
57:21 Siege Engineers
vR-MrReD
6:25 Loom
9:30 Feudal Age
10:10 Double-Bit Axe
16:11 Wheelbarrow
20:34 Castle Age
19:41 Fletching
19:52 Padded Archer Armor
20:04 Bloodlines
19:52 Horse Collar
20:04 Gold Mining
22:49 Bodkin Arrow
26:27 Leather Archer Armor
26:31 Bow Saw
27:39 Husbandry
28:17 Gold Shaft Mining
30:54 Ballistics
31:30 Heavy Plow
40:22 Imperial Age
38:19 Thumb Ring
40:25 Hand Cart
39:36 Light Cavalry
40:23 Scale Barding Armor
42:05 Chemistry
40:46 Treadmill Crane
41:08 Bracer
41:35 Parthian Tactics
41:55 Crop Rotation
43:06 Two-Man Saw
42:55 Ring Archer Armor
42:22 Town Watch
43:07 Chain Barding Armor
42:52 Hussar
43:48 Heavy Cavalry Archer
45:51 Caravan
46:21 Coinage
46:29 Recurve Bow
46:50 Conscription
46:46 Town Patrol
48:46 Plate Barding Armor
49:12 Stone Mining
49:20 Cavalier
49:34 Elite Skirmisher
51:00 Banking
51:48 Capped Ram
52:50 Elite Magyar Huszar
53:38 Corvinian Army
4k1m
7:09 Loom
9:29 Feudal Age
10:46 Double-Bit Axe
11:24 Horse Collar
24:13 Castle Age
23:40 Scale Barding Armor
25:44 Chain Barding Armor
25:25 Husbandry
28:10 Forging
36:12 Iron Casting
38:46 Wheelbarrow
45:49 Imperial Age
48:26 Plate Barding Armor
47:13 Heavy Camel Rider
48:44 Fortified Wall
53:39 Caravan
55:44 Fletching
59:00 Chemistry
LukasPlanet
6:20 Loom
9:08 Feudal Age
9:42 Double-Bit Axe
11:12 Horse Collar
17:00 Wheelbarrow
20:42 Castle Age
19:21 Scale Barding Armor
21:11 Gold Mining
21:34 Forging
22:00 Bow Saw
21:55 Heavy Plow
22:19 Chain Barding Armor
22:48 Gold Shaft Mining
22:56 Bloodlines
29:42 Hand Cart
29:12 Town Watch
34:44 Imperial Age
35:12 Cavalier
36:28 Town Patrol
36:49 Scale Mail Armor
37:24 Iron Casting
37:27 Plate Barding Armor
37:27 Iron Casting
37:56 Masonry
38:35 Paladin
41:35 Two-Man Saw
41:06 Crop Rotation
41:29 Stone Mining
47:58 Caravan
48:11 Light Cavalry
50:33 Blast Furnace
50:17 Conscription
50:12 Cuman Mercenaries
53:49 Hussar
55:01 Steppe Husbandry
Trooperone1
6:14 Loom
9:43 Feudal Age
10:12 Double-Bit Axe
13:06 Horse Collar
14:43 Wheelbarrow
19:06 Castle Age
18:31 Scale Barding Armor
18:37 Forging
19:03 Gold Mining
19:57 Bow Saw
19:48 Heavy Plow
20:04 Bloodlines
19:57 Husbandry
23:06 Chain Barding Armor
24:27 Hand Cart
23:59 Town Watch
25:37 Iron Casting
25:48 Light Cavalry
30:19 Town Watch
34:55 Stone Mining
39:14 Imperial Age
39:23 Cavalier
40:45 Plate Barding Armor
40:15 Pikeman
40:55 Squires
40:57 Scale Mail Armor
43:02 Halberdier
44:05 Chain Mail Armor
45:30 Plate Mail Armor
46:00 Blast Furnace
45:00 Elite Varangian Guard
45:56 Caravan
49:03 Guilds
48:46 Arson
50:02 Conscription
50:24 Fletching
51:18 Gothikon
55:28 Two-Man Saw
55:00 Crop Rotation
58:33 Siege Engineers
58:10 Treadmill Crane
60:59 Gambesons
62:48 Capped Ram
qwer
9:41 Feudal Age
9:41 Loom
14:32 Castle Age
13:58 Double-Bit Axe
14:49 Fletching
21:46 Bodkin Arrow
22:23 Padded Archer Armor
24:55 Husbandry
26:59 Leather Archer Armor
27:19 Bloodlines
29:04 Horse Collar
30:48 Wheelbarrow
31:31 Ballistics
33:10 Thumb Ring
36:46 Hand Cart
37:21 Town Watch
37:56 Bow Saw
37:50 Heavy Plow
37:48 Gold Mining
42:19 Imperial Age
40:07 Scale Mail Armor
41:20 Guard Tower
42:30 Gold Shaft Mining
41:46 Stone Mining
42:04 Pikeman
42:45 Squires
43:28 Parthian Tactics
43:05 Bracer
43:31 Heavy Cavalry Archer
44:12 Halberdier
46:09 Chemistry
46:40 Ring Archer Armor
46:25 Chain Mail Armor
46:21 Forging
46:32 Conscription
47:12 Treadmill Crane
49:28 Plate Mail Armor
49:34 Keep
49:03 Yasama
49:34 Kataparuto
50:16 Iron Casting
49:50 Arrowslits
50:16 Masonry
52:11 Elite Skirmisher
52:13 Crossbowman
52:15 Man-at-Arms
52:40 Gambesons
53:53 Arson
53:41 Long Swordsman
56:02 Siege Engineers
57:47 Blast Furnace
56:10 Two-Handed Swordsman
58:07 Murder Holes
63:55 Town Patrol
AfricanNija
7:32 Loom
9:51 Feudal Age
10:38 Double-Bit Axe
14:03 Horse Collar
16:36 Forging
16:57 Forging
18:19 Wheelbarrow
20:57 Castle Age
20:08 Bloodlines
20:00 Gold Mining
22:54 Scale Barding Armor
23:19 Bow Saw
24:52 Husbandry
25:39 Heavy Plow
27:35 Stone Mining
28:16 Town Watch
30:02 Atonement
31:58 Sanctity
32:35 Chain Barding Armor
32:52 Sanctity
34:23 Padded Archer Armor
35:00 Iron Casting
37:01 Imperial Age
34:47 Hand Cart
35:57 Fervor
36:37 Fletching
37:03 Masonry
37:35 Cavalier
38:52 Plate Barding Armor
39:18 Blast Furnace
39:29 Blast Furnace
38:26 Bodkin Arrow
39:05 Paladin
39:06 Light Cavalry
41:38 Two-Man Saw
40:42 Murder Holes
41:08 Ballistics
43:34 Bracer
43:36 Scale Mail Armor
44:06 Hussar
46:36 Supremacy
46:37 Conscription
46:42 Chain Mail Armor
45:50 Pikeman
46:31 Squires
47:58 Chemistry
47:54 Padded Archer Armor
48:38 Plate Mail Armor
48:55 Architecture
49:40 Hoardings
50:03 Bombard Tower
50:14 Architecture
51:00 Coinage
50:31 Caravan
50:45 Guilds
51:14 Leather Archer Armor
51:29 Plate Mail Armor
52:55 Banking
52:07 Capped Ram
53:24 Siege Ram
54:18 Halberdier
55:41 Ring Archer Armor
56:37 Fortified Wall
56:57 Arson
58:19 Sappers
bipeng2008
0:31 Loom
10:50 Feudal Age
14:54 Castle Age
13:12 Double-Bit Axe
13:23 Horse Collar
14:12 Gold Mining
14:23 Stone Mining
16:13 Bow Saw
17:59 Wheelbarrow
24:14 Town Watch
24:32 Gold Mining
25:18 Stone Shaft Mining
24:46 Heavy Plow
26:39 Gold Shaft Mining
26:20 Hand Cart
30:59 Imperial Age
29:11 Fletching
29:21 Padded Archer Armor
30:12 Coinage
30:12 Bodkin Arrow
30:30 Town Patrol
30:48 Leather Archer Armor
30:55 Ballistics
31:03 Elite Chu Ko Nu
32:03 Conscription
32:17 Capped Ram
34:00 Chemistry
34:15 Siege Ram
35:29 Bombard Tower
37:10 Pikeman
37:52 Squires
37:15 Elite Fire Lancer
39:30 Rocketry
41:56 Banking
41:30 Caravan
43:49 Halberdier
44:41 Forging
44:31 Bracer
45:01 Ring Archer Armor
45:13 Scale Mail Armor
48:58 Chain Mail Armor
53:09 Plate Mail Armor
53:14 Iron Casting
55:43 Arson
57:01 Blast Furnace
Connection lost

Rejoining the realm…

Still unreachable

The connection could not be restored.

Session expired

The server has moved on; the page needs a fresh start.